 Dungeon Crawl Stone Soup version 0.16.1-2-g95b8d4c (webtiles) character file.

129708 Ladykiller69 the Severer (level 17, -13/138 HPs)
             Began as a Formicid Fighter on Mar 24, 2015.
             Was the Champion of Cheibriados.
             Blown up by an orb spider (44 damage)
             ... with an orb of destruction
             ... on level 2 of the Spider Nest on Mar 25, 2015.
             The game lasted 02:21:14 (23354 turns).

Ladykiller69 the Severer (Formicid Fighter)        Turns: 23354, Time: 02:21:15

Health: -13/138    AC: 30    Str: 42    XL:     17   Next: 62%
Magic:  35/35      EV: 20    Int: 24    God:    Cheibriados [******]
Gold:   3083       SH: 15    Dex: 25    Spells: 1 memorised, 14 levels left

rFire  + . .     SeeInvis +     M - +2 war axe (elec) (curse)
rCold  . . .     Clarity  .     s - +3 plate armour {rF+}
rNeg   . . .     SustAb   .     c - +0 shield
rPois  .         Gourm    .     (helmet unavailable)
rElec  .         Spirit   .     j - +2 cloak
rCorr  .         Warding  .     W - +0 pair of gloves
rMut   .         Stasis   +     O - +0 pair of boots
MR     +....                    (no amulet)
Stlth  ..........               r - ring of wizardry
                                a - +4 ring of protection

@: lethally poisoned (-13 -> -18), very slow, somewhat resistant to hostile
enchantments, extremely unstealthy
A: permanent stasis, dig shafts and tunnels, four strong arms, antennae 3
a: Dig, Shaft Self, Bend Time, Temporal Distortion, Slouch, Step From Time,
Renounce Religion


You were on level 2 of the Spider Nest.
You worshipped Cheibriados.
Cheibriados was exalted by your worship.
You were very hungry.

You visited 6 branches of the dungeon, and saw 31 of its levels.
You also visited: Labyrinth and Bailey.

You collected 3083 gold pieces.

Inventory:

Hand weapons
 b - a +2 battleaxe of freezing
 M - a cursed +2 war axe of electrocution (weapon)
 T - a +0 dire flail of protection
Missiles
 v - 53 tomahawks of returning (quivered)
 F - 2 poisoned javelins
 X - 5 javelins
 Z - 29 tomahawks
Armour
 c - a +0 shield (worn)
 j - a +2 cloak (worn)
 s - a +3 plate armour of fire resistance (worn)
 O - a +0 pair of boots (worn)
 W - a +0 pair of gloves (worn)
Jewellery
 a - a +4 ring of protection (left hand)
 k - an uncursed ring of protection from cold
 r - a ring of wizardry (right hand)
 B - an uncursed amulet of faith
 D - an uncursed ring of protection from fire
 E - an uncursed ring of fire
Magical devices
 g - a wand of invisibility (5)
 n - a wand of fireball (4)
 w - a wand of invisibility (7)
Scrolls
 p - 4 scrolls of identify
 q - 6 scrolls of remove curse
 t - a scroll of noise
 u - 4 scrolls of magic mapping
 P - a scroll of holy word
 Y - 2 scrolls of fear
Potions
 e - 3 potions of might
 f - 5 potions of restore abilities
 i - 10 potions of curing
 m - 5 potions of brilliance
 o - 4 potions of lignification
 A - a potion of resistance
 C - 2 potions of heal wounds
 I - a potion of invisibility
 J - 2 potions of magic
 K - a potion of beneficial mutation
 L - 2 potions of agility
 R - 2 potions of flight
 S - 2 potions of cure mutation
Comestibles
 d - 18 bread rations
 h - 6 slices of pizza
 l - 18 meat rations
 x - a beef jerky


   Skills:
 + Level 13.7 Fighting
 * Level 15.4 Axes
 + Level 2.4 Throwing
 + Level 13.6 Armour
 + Level 11.1 Dodging
 - Level 9.0 Shields
 - Level 15.2 Invocations


You had 14 spell levels left.
You knew the following spells:

 Your Spells              Type           Power        Failure   Level  Hunger
a - Stoneskin             Trmt/Erth      #.......     45%         2    ###....


Dungeon Overview and Level Annotations

Branches:
Dungeon (15/15)            Temple (1/1) D:7            Lair (8/8) D:9
 Shoals (1/5) Lair:3       Spider (2/5) Lair:6        Slime (0/6) Lair:8
    Orc (4/4) D:9             Elf (0/3) Orc:4        Depths (0/5) D:15
 Vaults: D:13-14

Altars:
Cheibriados
Dithmenos
Elyvilon
Gozag
Makhleb
Nemelex Xobeh
Okawaru
Qazlal
Ru
Sif Muna
Trog
Vehumet
Xom
Yredelemnul
Zin
The Shining One
Beogh

Shops:
D:4 (   Orc:4 *}(*

Annotations:
D:4 Grinder


Innate Abilities, Weirdness & Mutations

You are under a permanent stasis effect.
You can dig through walls and to a lower floor.
Your four strong arms can wield two-handed weapons with a shield.
You have a pair of large antennae on your head (SInv).


Message History

The trapdoor spider is almost dead.
You feel sick. You block the trapdoor spider's attack.
You hit the trapdoor spider!
You kill the trapdoor spider!
Cheibriados thoroughly appreciates the change of pace.
You feel sick.
You found a web!
You feel sick.
The orb spider weaves a glowing orb of energy.
You feel sick.
The rock wall explodes into countless fragments.
The orb spider spins a strand of pure energy.
Found a scroll of identify.
You see here a potion of cure mutation.
S - 2 potions of cure mutation (gained 1)
You feel sick.
You feel sick.
You feel sick.
The orb spider weaves a glowing orb of energy.
You feel sick. The orb of destruction hits you!
You die...

#............ ..## ..#.
##...##....# .#... .
....>....... ....^#
#....#.#... #......
##.....#(#.# #.......
...........#.. ?...#..#.
...#^.........###...#.....
##†.#.##..................
...........#...#@...#....
....#...#...^.(.§..#..##...
##..###...#####§.#...^...#
...##...#^...!§§.......#...
......#......#s^..#........
...........##..#..#..#..#.
.......#.......###........
####...#...#...†.≈$##..###
.......#.....#.†.#.......


You could see an orb spider.

Vanquished Creatures
  Kirke (Spider:1)
  Frances (Spider:2)
  2 orc warlords
  Maud (Lair:3)
  Gastronok (Orc:1)
  An emperor scorpion (Spider:1)
  The ghost of Ladykiller69 the Carver, a powerful MiFi of Cheibriados (Lair:1)
  An ettin (D:15)
  Josephine (D:11)
  A minotaur (Lab)
  6 hydras
  Nessos (D:11)
  Erica (Orc:3)
  6 centaur warriors
  2 ogre magi (Orc:4)
  3 tengu warriors (D:15)
  Urug (D:14)
  An orc high priest (Orc:3)
  A soul eater (Spider:2)
  Nergalle (Lair:1)
  A deep elf knight (D:15)
  An ice devil (Spider:2)
  5 unseen horrors
  3 sea snakes (Shoals:1)
  2 deep trolls (Orc:4)
  A hornet (Spider:2)
  A wizard (D:15)
  A wolf spider zombie (D:12)
  11 hill giants
  4 wolf spiders
  9 ugly things
  3 orb spiders (Spider:1)
  An orc sorcerer (Orc:2)
  2 orc knights
  A salamander (shapeshifter) (D:15)
  The ghost of puimuR the Gouger, an experienced FeTm (D:12)
  8 cyclopes
  A griffon (Shoals:1)
  3 manticores
  A moth of wrath (Spider:2)
  4 centaur zombies
  2 smoke demons
  Joseph (Lair:1)
  26 spiny frogs
  8 elephants
  5 black mambas
  3 fire drakes
  A gargoyle (D:12)
  4 kobold demonologists
  A yaktaur (D:15)
  9 demonic crawlers (Spider:1)
  A deep elf priest (D:13)
  A blue devil (Spider:2)
  A redback zombie (D:14)
  A minotaur zombie (Lab)
  9 komodo dragons
  A polar bear (Lair:8)
  3 tengu conjurers (D:15)
  14 trolls
  6 merfolk (Shoals:1)
  7 jumping spiders
  Sonja (Spider:1)
  A queen bee (D:8)
  7 slime creatures
  2 wind drakes (Shoals:1)
  2 giant leeches (Lair:8)
  2 boulder beetles
  6 two-headed ogres (Orc:4)
  A trapdoor spider zombie (D:11)
  24 blink frogs
  3 ravens (D:15)
  4 hogs (Spider:1)
  2 basilisks
  42 yaks
  3 trapdoor spiders
  16 redbacks
  7 deep elf magi
  6 tarantellas
  A water elemental (Shoals:1)
  3 wraiths (D:11)
  A shadow (D:14)
  A golden eye (shapeshifter) (D:15)
  11 humans (D:13)
  10 hippogriffs
  2 mottled dragons
  A hungry ghost (D:11)
  A wyvern (D:11)
  14 vampire mosquitoes
  A chaos spawn (Spider:2)
  A deep elf fighter (D:13)
  4 wargs
  7 water moccasins
  6 porcupines
  6 sky beasts
  2 wasps
  31 orc warriors
  15 spiders
  14 centaurs
  2 eyes of draining (D:14)
  2 phantoms
  3 black bears
  29 ogres
  6 ice beasts
  4 boring beetles
  16 crocodiles
  A brain worm (D:14)
  A wyvern zombie (D:8)
  4 big kobolds
  47 giant frogs
  6 scorpions
  22 wights
  22 killer bees
  A lava snake (Lair:2)
  8 crimson imps
  5 goliath beetles
  9 jellies
  5 electric eels (Lair:8)
  A giant frog zombie (D:7)
  7 iguanas
  Crazy Yiuf (D:2)
  2 giant frog skeletons
  31 orc priests
  4 centaur skeletons
  5 hell rats (Lair:4)
  14 hounds
  34 orc wizards
  8 worker ants
  A spectral orc (Lair:1)
  5 sheep
  3 hound skeletons
  2 mummies
  7 gnolls
  4 worker ant zombies
  27 adders
  60 river rats
  3 shadow imps
  2 giant mites
  2 worms
  An ufetubus (D:15)
  4 giant geckos
  255 orcs
  8 bats
  A bat skeleton (D:4)
  2 giant cockroaches
  29 goblins
  23 hobgoblins
  8 jackals
  12 quokkas
  A ball python (D:1)
  A giant cockroach zombie (D:5)
  5 giant newts
  2 giant spores
  40 kobolds
  27 rats
  9 ballistomycetes
  6 fungi
  8 plants
1321 creatures vanquished.

Vanquished Creatures (others)
  A human (Spider:1)
  3 giant spores
  2 kobolds (D:15)
  3 ballistomycetes (D:11)
  A fungus (Lair:8)
  3 plants (Lair:8)
13 creatures vanquished.

Grand Total: 1334 creatures vanquished

Notes
Turn   | Place    | Note
--------------------------------------------------------------
     0 | D:1      | Ladykiller69, the Formicid Fighter, began the quest for the Orb.
     0 | D:1      | Reached XP level 1. HP: 18/18 MP: 1/1
   231 | D:1      | Reached XP level 2. HP: 24/24 MP: 3/3
   460 | D:2      | Reached skill level 4 in Shields
   573 | D:2      | Found an opulent altar of Gozag.
   598 | D:2      | Reached XP level 3. HP: 29/29 MP: 4/4
   968 | D:3      | Reached XP level 4. HP: 22/36 MP: 5/5
   995 | D:3      | Reached XP level 5. HP: 28/42 MP: 7/7
   998 | D:3      | Reached skill level 5 in Shields
  1323 | D:4      | Found Rypoesuj's Weapon Boutique.
  1581 | D:4      | Noticed a phantom
  1612 | D:4      | Killed a phantom
  1612 | D:4      | Reached skill level 6 in Shields
  1612 | D:4      | Reached XP level 6. HP: 45/48 MP: 8/8
  1758 | D:5      | Entered Level 5 of the Dungeon
  1827 | D:5      | Noticed an ice beast
  1900 | D:4      | Noticed a centaur
  1909 | D:4      | Killed a centaur
  1909 | D:4      | Reached XP level 7. HP: 49/54 MP: 9/9
  2067 | D:4      | Noticed Grinder
  2245 | D:4      | Reached skill level 7 in Shields
  2409 | D:5      | Found a glowing golden altar of the Shining One.
  3004 | D:5      | Reached skill level 8 in Shields
  3070 | D:6      | Reached XP level 8. HP: 60/60 MP: 11/11
  3090 | D:6      | Reached skill level 5 in Axes
  3416 | D:6      | Found a glowing silver altar of Zin.
  3614 | D:6      | Reached skill level 9 in Shields
  3768 | D:5      | Killed an ice beast
  4080 | D:2      | Noticed Crazy Yiuf
  4087 | D:2      | Killed Crazy Yiuf
  4355 | D:7      | Found an iron altar of Okawaru.
  4506 | D:7      | Reached XP level 9. HP: 57/65 MP: 12/12
  4698 | D:7      | Found a staircase to the Ecumenical Temple.
  4710 | Temple   | Entered the Ecumenical Temple
  4721 | Temple   | Became a worshipper of Cheibriados the Contemplative
  5097 | D:8      | Acquired Cheibriados' first power
  5151 | D:8      | Reached skill level 10 in Axes
  5433 | D:8      | Noticed a queen bee
  5544 | D:8      | Reached XP level 10. HP: 50/71 MP: 13/13
  5552 | D:8      | Reached skill level 11 in Axes
  6080 | D:8      | Killed a queen bee
  6212 | D:8      | Reached skill level 12 in Axes
  6446 | D:9      | Acquired Cheibriados' second power
  6520 | D:9      | Found a staircase to the Orcish Mines.
  6557 | D:9      | Acquired Cheibriados' third power
  6615 | D:9      | Reached skill level 1 in Dodging
  6636 | D:9      | Found a staircase to the Lair.
  6995 | Lair:1   | Entered Level 1 of the Lair of Beasts
  7039 | D:9      | Acquired Cheibriados' fourth power
  7186 | Orc:1    | Entered Level 1 of the Orcish Mines
  7217 | Orc:1    | Reached skill level 5 in Armour
  7217 | Orc:1    | Reached skill level 5 in Fighting
  7229 | Orc:1    | Reached XP level 11. HP: 48/79 MP: 15/15
  7335 | Orc:1    | Noticed Gastronok
  7357 | Orc:1    | Killed Gastronok
  7357 | Orc:1    | Reached skill level 13 in Axes
  7382 | Orc:1    | Found a flagged portal.
  7387 | Bailey   | Entered a bailey
  7717 | Orc:1    | Found a radiant altar of Vehumet.
  7843 | Orc:1    | Found a roughly hewn altar of Beogh.
  8176 | D:10     | Entered Level 10 of the Dungeon
  8395 | D:10     | Noticed a hill giant
  8401 | D:10     | Killed a hill giant
  8582 | D:11     | Reached XP level 12. HP: 89/89 MP: 16/16
  8721 | D:11     | Reached skill level 14 in Axes
  8775 | D:11     | Noticed a brown ugly thing
  8782 | D:11     | Noticed a white ugly thing
  8793 | D:11     | Killed a white ugly thing
  8793 | D:11     | Reached skill level 1 in Invocations
  8797 | D:11     | Killed a white ugly thing
  8799 | D:11     | Noticed Nessos
  8820 | D:11     | Killed Nessos
  8820 | D:11     | Reached skill level 5 in Dodging
  8825 | D:11     | Noticed Josephine
  8829 | D:11     | Killed Josephine
  8878 | D:11     | Noticed a cyclops
  8887 | D:11     | Killed a cyclops
  8988 | D:11     | Noticed a cyclops
  8998 | D:11     | Killed a cyclops
  9132 | D:11     | Noticed an unseen horror
  9138 | D:11     | Killed an unseen horror
  9234 | D:12     | Noticed puimuR's ghost (experienced FeTm)
  9234 | D:12     | Reached skill level 5 in Invocations
  9251 | D:12     | Killed puimuR's ghost
  9337 | D:12     | Reached XP level 13. HP: 82/100 MP: 23/23
  9642 | D:11     | Noticed an unseen horror
  9645 | D:11     | Killed an unseen horror
  9923 | Lair:1   | Noticed a spiny frog
  9925 | Lair:1   | Noticed Joseph
  9931 | Lair:1   | Killed a spiny frog
  9935 | Lair:1   | Killed Joseph
 10083 | Lair:1   | Noticed Nergalle
 10089 | Lair:1   | Killed Nergalle
 10093 | Lair:1   | Noticed Ladykiller69's ghost (powerful MiFi)
 10124 | Lair:1   | Killed Ladykiller69's ghost
 10908 | Lair:3   | Noticed Maud
 10925 | Lair:3   | Killed Maud
 11008 | Lair:3   | Reached skill level 10 in Armour
 11141 | Lair:3   | Reached skill level 10 in Fighting
 11166 | Lair:3   | Reached XP level 14. HP: 69/110 MP: 29/29
 11259 | Lair:3   | Found a staircase to the Shoals.
 11337 | Lair:3   | Reached skill level 10 in Invocations
 12591 | Lair:6   | Found a hole to the Spider Nest.
 13762 | Lair:7   | Found a shadowy altar of Dithmenos.
 13986 | Lair:7   | You fall through a shaft!
 13986 | Lair:8   | Entered Level 8 of the Lair of Beasts
 14255 | Lair:8   | Reached XP level 15. HP: 119/119 MP: 31/31
 14937 | Lair:8   | Found a staircase to the Slime Pits.
 15564 | Orc:2    | Noticed an orc sorcerer
 15565 | Orc:2    | Noticed an orc warlord
 15575 | Orc:2    | Killed an orc sorcerer
 15598 | Orc:2    | Killed an orc warlord
 16157 | Orc:4    | Entered Level 4 of the Orcish Mines
 16511 | Orc:3    | Noticed Erica
 16521 | Orc:3    | Killed Erica
 16677 | Orc:4    | Noticed an orc warlord
 16697 | Orc:4    | Killed an orc warlord
 16860 | Orc:4    | Found a bloodstained altar of Trog.
 16872 | Orc:4    | Found a staircase to the Elven Halls.
 16966 | Orc:4    | Found Hiso's Gadget Emporium.
 17096 | Orc:4    | Reached XP level 16. HP: 89/127 MP: 33/33
 17218 | Orc:4    | Found Seyplop's General Store.
 17241 | Orc:4    | Found Ifirchoil's Assorted Antiques.
 17252 | Orc:4    | Found Lafuawn's Antique Weapon Shoppe.
 18043 | D:13     | Reached skill level 10 in Dodging
 18187 | D:13     | Noticed a centaur warrior
 18192 | D:13     | Killed a centaur warrior
 18192 | D:13     | Reached skill level 15 in Invocations
 18656 | D:14     | Noticed Urug
 18668 | D:14     | Killed Urug
 19035 | D:15     | Entered Level 15 of the Dungeon
 19108 | D:15     | Found a staircase to the Depths.
 19116 | D:15     | Found a labyrinth entrance.
 19146 | Lab      | Entered a labyrinth
 20524 | D:15     | Identified the Volume of Stones (You found it on level 15 of the Dungeon)
 20824 | D:15     | Reached XP level 17. HP: 121/136 MP: 35/35
 21182 | Shoals:1 | Entered Level 1 of the Shoals
 21597 | Spider:1 | Entered Level 1 of the Spider Nest
 21636 | Spider:1 | Noticed Kirke
 21647 | Spider:1 | Killed Kirke
 21647 | Spider:1 | Reached skill level 1 in Throwing
 21819 | Spider:1 | Reached skill level 15 in Axes
 22129 | Lair:1   | Learned a level 2 spell: Stoneskin
 22546 | Spider:1 | Noticed Sonja
 22557 | Spider:1 | Killed Sonja
 23258 | Spider:2 | Noticed Frances
 23303 | Spider:2 | Killed Frances
 23354 | Spider:2 | Blown up by an orb spider

Action                   |  1- 3 |  4- 6 |  7- 9 | 10-12 | 13-15 | 16-18 || total
-------------------------+-------+-------+-------+-------+-------+-------++-------
Melee: War axe           |   102 |    90 |   330 |   660 |  1262 |   897 ||  3341
       Flail             |       |       |       |       |    46 |       ||    46
Invok: Slouch            |       |       |       |     3 |     3 |       ||     6
       Bend Time         |       |       |       |       |    12 |     5 ||    17
 Abil: Dig               |       |     6 |    14 |    11 |    22 |    45 ||    98
       Shaft Self        |       |       |       |       |     1 |       ||     1
  Use: Scroll            |       |       |       |     9 |    20 |     4 ||    33
       Potion            |       |       |       |     1 |       |     2 ||     3
  Eat: Chunk             |       |     4 |    12 |    12 |    21 |     8 ||    57
       Beef jerky        |       |       |       |       |     1 |     2 ||     3
       Fruit             |       |       |       |       |       |     5 ||     5
       Royal jelly       |       |       |       |       |       |     1 ||     1
